 Dungeon Crawl Stone Soup version 0.30-a0-1082-g70414cbcbb (webtiles) character file.

Game seed: 16946401207931502552

25 gelatine the Conjurer (level 2, -2/22 HPs)
             Began as a Demonspawn Reaver on Apr 15, 2023.
             Slain by a worm (9 damage)
             ... on level 2 of the Dungeon.
             The game lasted 00:03:15 (827 turns).

gelatine the Conjurer (Demonspawn Reaver)            Turns: 827, Time: 00:03:16

Health: -2/22      AC:  4    Str: 12    XL:     2   Next: 82%
Magic:  3/5        EV: 11    Int: 14    God:
Gold:   74         SH:  0    Dex: 11    Spells: 1/5 levels left

rFire   x . .      SeeInvis .    a - +0 hand axe
rCold   + . .      Faith    .    (no shield)
rNeg    . . .      Spirit   .    b - +0 leather armour
rPois   .          Reflect  .    i - +0 helmet
rElec   .          Rampage  .    (no cloak)
rCorr   .                        (no gloves)
Will    .....                    (no boots)
Stlth   +                        (no amulet)
HPRegen 0.23/turn                h - ring of ice
MPRegen 0.09/turn                (no ring)

@: no status effects
A: claws 1
a: no special abilities


You were on level 2 of the Dungeon.
You visited 1 branch of the dungeon, and saw 2 of its levels.

You collected 74 gold pieces.

Inventory:

Hand Weapons
 a - a +0 hand axe (weapon)
Armour
 b - a +0 leather armour (worn)
 i - a +0 helmet (worn)
Jewellery
 h - a ring of ice (left claw)
Scrolls
 f - a scroll of immolation {unknown}
 g - 2 scrolls of identify {unknown}
Potions
 c - a potion of ambrosia {unknown}
 d - a potion of might {unknown}
 e - a potion of flight {unknown}


   Skills:
 * Level 2.0 Fighting
 * Level 3.2 Axes
 * Level 1.8 Dodging
 * Level 0.5 Stealth
 * Level 2.1 Spellcasting
 * Level 3.2 Conjurations
 * Level 0.1 Necromancy
 * Level 0.3 Translocations


You had one spell level left.
You knew the following spells:

 Your Spells              Type           Power      Damage    Failure   Level
a - Kiss of Death         Conj/Necr      24%        2d7       16%         1
b - Momentum Strike       Conj/Tloc      12%        3d8       22%         2
c - Sting                 Tmut/Pois      4%         1d3       30%         1

Your spell library contained the following spells:

 Spells                   Type           Power      Damage    Failure   Level
 Poisonous Vapours        Pois/Air       2%         N/A       41%         2
 Hailstorm                Conj/Ice       8%         3d4       43%         3
 Olgreb's Toxic Radiance  Pois           1%         N/A       96%         4


Dungeon Overview and Level Annotations

Branches:
Dungeon (2/15)

Altars:

Shops:
D:1 ?


Innate Abilities, Weirdness & Mutations

You have sharp fingernails.


Message History

Done exploring.
There is a stone staircase leading down here.
You climb downwards.
Found an escape hatch in the floor.
There is a stone staircase leading up here.
You now have 74 gold pieces (gained 12).
As you open the door, it creaks loudly!
There is an open door here.
You pick up a Young Poisoner's Handbook and begin reading...
You add the spells Sting, Poisonous Vapours and Olgreb's Toxic Radiance to your library.
You open the door.
There is an open door here.
A worm comes into view.
Memorise Sting, consuming 1 spell level and leaving 1?
You start memorising the spell.
You continue memorising.
You finish memorising.
Spell assigned to 'c'.
The sting hits the worm.
The worm is poisoned.
The worm is lightly wounded.
The sting hits the worm.
The worm looks even sicker.
The worm is moderately wounded.
You hit the worm.
The worm is moderately wounded.
The worm completely misses you.
You hit the worm.
The worm is heavily wounded.
You barely miss the worm.
The worm is heavily wounded.
The worm barely misses you.
You hit the worm.
The worm is severely wounded.
The worm bites you!
You barely miss the worm.
The worm is heavily wounded.
You hit the worm.
The worm is severely wounded.
The worm bites you.
You barely miss the worm.
The worm is severely wounded.
The worm bites you!
You die...

.# # #.# .# #..#.# ..#
># #..#.. #.# .# ##....
..# .# ##...## #.#
####.....## #.###
###.......## #.#.######
.#.........###........#
.'.........'....@######
.#.........###...w......
.##.......## #...#....#.
.###.....## ##.###....#
.# ##...## #.# ....# .#
##+## #.# #### .# #.# ##
#..


You could see a worm (poisoned).

Vanquished Creatures
  3 ball pythons (D:1)
  2 giant cockroaches (D:1)
  4 goblins (D:1)
  2 hobgoblins (D:1)
  A quokka (D:1)
  2 bats (D:1)
  A frilled lizard (D:1)
  A kobold (D:1)
  8 rats (D:1)
24 creatures vanquished.

Notes
Turn   | Place    | Note
-------+----------+-------------------------------------------
     0 | D:1      | gelatine the Demonspawn Reaver began the quest for the Orb.
     0 | D:1      | Reached XP level 1. HP: 16/16 MP: 3/3
   107 | D:1      | Found Voguboicw's Magic Scroll Shoppe.
   137 | D:1      | Discovered your monstrous ancestry.
   137 | D:1      | Gained mutation: You have sharp fingernails. [demonic
                  | ancestry]
   137 | D:1      | Reached XP level 2. HP: 22/22 MP: 5/5
   275 | D:1      | Learned a level 2 spell: Momentum Strike
   817 | D:2      | Learned a level 1 spell: Sting
   827 | D:2      | Slain by a worm

Illustrated notes

Levels and vault maps discovered:
D:1:      amcnicky_arrival_flooded_fountain, layout_basic, serial_shops,
          nicolae_shop_rolling_square, minmay_misc_feat_rows,
          minmay_stone_trees_medium
D:2:      layout_loops_corners, grunt_ministairs_15, minmay_misc_feat_rugged

Skill      XL: |  1 |
---------------+----+-----
Axes           | 3 |  3.2
Fighting       | |  2.0
Dodging        | |  1.8
Stealth        | |  0.5
Spellcasting   | |  2.1
Conjurations   | |  3.2
Necromancy     | |  0.1
Translocations | |  0.3

Action                     || total
---------------------------++-------
  Melee: Hand axe          ||    82
   Cast: Sting             ||     2
 Armour: Leather armour    ||    22
  Dodge: Dodged            ||    52

Table legend: (Time is in decaauts)
 A = Elapsed time spent in this place.
 B = Non-inter-level travel time spent in this place.
 C = Inter-level travel time spent in this place.
 D = Time resting spent in this place.
 E = Time spent auto-exploring this place.
 F = Levels seen in this place.
 G = Mean time per level.
                   A        B        C        D        E       F      G
               +--------+--------+--------+--------+--------+-----+--------+
         Total |    838 |    826 |     12 |      0 |    594 |   2 |  419.0 |
       Dungeon |    838 |    826 |     12 |      0 |    594 |   2 |  419.0 |
               +--------+--------+--------+--------+--------+-----+--------+

Top non-repeatable levels by time:
     D:1: 766 daAuts
     D:2: 71 daAuts
